 Dungeon Crawl Stone Soup version 0.21-a0-278-ga722497 (webtiles) character file.

11949 vishdafish the Cleaver (level 12, -12/94 HPs)
             Began as a Formicid Fighter on Sept 22, 2017.
             Was a Priest of Nemelex Xobeh.
             Mangled by a white ugly thing (32 damage)
             ... on level 12 of the Dungeon.
             The game lasted 00:20:59 (9859 turns).

vishdafish the Cleaver (Formicid Fighter)           Turns: 9859, Time: 00:21:01

Health: -12/94     AC: 18    Str: 22    XL:     12   Next: 14%
Magic:  19/19      EV: 12    Int:  8    God:    Nemelex Xobeh [***...]
Gold:   856        SH: 12    Dex: 14    Spells: 11/11 levels left

rFire    . . .     SeeInvis +   G - +5 battleaxe
rCold    . . .     Gourm    .   c - +0 shield
rNeg     + . .     Faith    .   A - +0 troll leather armour {Purgy}
rPois    +         Spirit   .   (helmet unavailable)
rElec    +         Reflect  .   t - +2 cloak
rCorr    +         Harm     .   R - +2 pair of gloves
MR       +....                  L - +2 pair of boots "Miygrihutz" {rElec rCorr Stlth+}
Stlth    ++........             O - amulet of regeneration
HPRegen  1.05/turn              E - ring of positive energy
MPRegen  0.16/turn              K - ring of poison resistance

@: no status effects
A: permanent stasis, dig shafts and tunnels, four strong arms, antennae 3,
molten scales 2, blurry vision 1
a: Dig, Shaft Self, Triple Draw, Renounce Religion


You were on level 12 of the Dungeon.
You worshipped Nemelex Xobeh.
Nemelex Xobeh was most pleased with you.
You were very hungry.

You visited 2 branches of the dungeon, and saw 13 of its levels.
You also visited: Sewer.

You collected 893 gold pieces.
You spent 37 gold pieces at shops.

Inventory:

Hand Weapons
 B - a +2 dire flail of crushing
 G - a +5 battleaxe (weapon)
Missiles
 r - 24 bolts
Armour
 c - a +0 shield (worn)
 t - a +2 cloak (worn)
 A - a +0 troll leather armour (worn) {Purgy}
 L - the +2 pair of boots "Miygrihutz" (worn) {rElec rCorr Stlth+}
   (You found it on level 9 of the Dungeon)

   It insulates you from electricity.
   It protects you from acid and corrosion.
   It makes you more stealthy.
 R - a +2 pair of gloves (worn)
Jewellery
 E - a ring of positive energy (left hand)
 K - a ring of poison resistance (right hand)
 O - an amulet of regeneration (around neck)
Wands
 F - a wand of confusion (22/48)
 I - a wand of flame (12/48)
 M - a wand of iceblast (0/15)
 S - a wand of disintegration (8/24)
Scrolls
 a - 2 scrolls of noise {unknown}
 e - 2 scrolls of fear {unknown}
 g - 3 scrolls of blinking {unknown}
 h - 3 scrolls of fog {unknown}
 i - 5 scrolls of remove curse
 j - 5 scrolls of amnesia
 l - a scroll of immolation
 q - 2 scrolls of magic mapping
 y - a scroll of brand weapon {unknown}
 C - a scroll of enchant armour {unknown}
 D - 3 scrolls of enchant weapon
 H - 3 scrolls of teleportation {unknown}
 N - 3 scrolls of recharging {unknown}
Potions
 b - a potion of cancellation {unknown}
 d - a potion of might
 k - 2 potions of magic
 m - a potion of heal wounds
 o - a potion of resistance {unknown}
 p - a potion of ambrosia
 s - 2 potions of lignification
 v - a potion of agility
 w - 3 potions of curing
 z - 4 potions of flight
 J - a potion of brilliance {unknown}
Books
 P - a book of Beasts

   Spells                             Type                      Level
   a - Summon Butterflies             Summoning                    1
   b - Call Canine Familiar           Summoning                    3
   c - Summon Ice Beast               Ice/Summoning                4
   d - Summon Mana Viper              Hexes/Summoning              5
   e - Summon Hydra                   Summoning                    7
Miscellaneous
 Q - a legendary deck of escape
Comestibles
 f - 8 bread rations
 n - 5 meat rations
 u - 9 royal jellies
 x - 17 fruits


   Skills:
 + Level 8.8 Fighting
 * Level 11.1 Axes
 + Level 8.5 Armour
 * Level 1.7 Dodging
 - Level 0.3 Stealth
 - Level 9.4 Shields
 * Level 9.4 Invocations


You had 11 spell levels left.
You didn't know any spells.

Dungeon Overview and Level Annotations

Branches:
Dungeon (12/15)            Temple (1/1) D:7            Lair (0/6) D:8
    Orc (0/2) D:11

Altars:
Ashenzari
Cheibriados
Fedhas
Kikubaaqudgha
Nemelex Xobeh
Qazlal
Sif Muna
Trog
Uskayaw
Xom
Yredelemnul
The Shining One

Shops:
D:11 *   D:12 !


Innate Abilities, Weirdness & Mutations

You cannot be hasted, slowed, berserked, paralysed or teleported.
You can dig through walls and to a lower floor.
Your four strong arms can wield two-handed weapons with a shield.
You have a pair of large antennae on your head. (SInv)
You are mostly covered in molten scales. (AC +3)
Scrolls take you a little longer to read.


Message History

You hit the white ugly thing.
The white ugly thing is almost dead.
The white ugly thing pecks you but does no damage.
You feel much better. The white ugly thing pecks you!
* * * LOW HITPOINT WARNING * * *
The white ugly thing freezes you!!
* * * LOW HITPOINT WARNING * * *
You hit the white ugly thing.
The white ugly thing is almost dead.
The white ugly thing misses you.
You feel much better.
You block the white ugly thing's attack.
You closely miss the white ugly thing.
The white ugly thing is almost dead.
You block the white ugly thing's attack.
The white ugly thing pecks you.
* * * LOW HITPOINT WARNING * * *
The white ugly thing freezes you!!
You die...
Your body glows slightly and disappears.

#.# # ....##
#.#####..###.##
#.##......T....
#.##.##..###.##
#...{....###.#
#..........<.#
#.##.##.######
####....g#.#
#@#{{.###..#######
##u#{.####.#......
###..{{..{#......
##.####.#......
###{###{##......
#.{{{..#{#......
#.#.............
#.##.##.######
#...g##.#


You could see a white ugly thing.

Vanquished Creatures
  A death knight (D:10)
  A two-headed ogre (D:9)
  The ghost of Syneil the Basher, a journeyman GrGl of Wu Jian (D:10)
  A centaur zombie (D:10)
  A komodo dragon (D:11)
  2 trolls (D:11)
  A hornet (D:11)
  A hippogriff (D:9)
  A vampire (D:12)
  A human (D:8)
  7 yaks
  A wyvern (D:10)
  A wraith (D:10)
  3 hogs (D:8)
  A hungry ghost (D:9)
  A soldier ant (D:11)
  Edmund (D:4)
  A water moccasin (D:12)
  Purgy (Sewer)
  An ice beast (D:11)
  A black bear (D:8)
  5 orc warriors
  A sky beast (D:10)
  2 phantoms
  A necrophage (D:8)
  3 ogres
  4 centaurs
  2 big kobolds (D:9)
  6 bullfrogs
  2 gnoll sergeants
  A wyvern skeleton (D:11)
  5 scorpions
  A water moccasin skeleton (D:7)
  9 killer bees
  10 wights
  A howler monkey (D:9)
  4 crimson imps
  4 jellies
  A quasit (D:11)
  A bullfrog zombie (D:6)
  2 hounds
  2 centaur skeletons
  Crazy Yiuf (D:2)
  A bullfrog skeleton (D:7)
  An iguana (D:6)
  9 orc priests
  10 orc wizards
  Terence (D:2)
  8 worker ants
  A hound skeleton (D:6)
  A howler monkey zombie (D:11)
  A worker ant zombie (D:11)
  12 adders
  7 gnolls
  A shadow imp (D:5)
  An ooze (D:7)
  An adder zombie (D:5)
  4 worms
  2 dart slugs (D:2)
  7 leopard geckos
  36 orcs
  4 ball pythons
  5 giant cockroaches
  11 goblins
  9 hobgoblins
  8 jackals
  17 kobolds
  3 quokkas
  8 bats
  2 frilled lizards
  7 rats
  2 fungi (D:8)
  2 plants (D:8)
280 creatures vanquished.

Vanquished Creatures (collateral kills)
  3 two-headed ogres
  An ogre (D:8)
  A big kobold (D:9)
  An iguana (D:9)
  An orc (D:8)
  4 jackals (D:8)
  6 kobolds (D:9)
17 creatures vanquished.

Vanquished Creatures (others)
  A wight (D:11)
1 creature vanquished.

Grand Total: 298 creatures vanquished

Notes
Turn   | Place    | Note
-------+----------+-------------------------------------------
     0 | D:1      | vishdafish the Formicid Fighter began the quest for the Orb.
     0 | D:1      | Reached XP level 1. HP: 18/18 MP: 1/1
   273 | D:1      | Reached XP level 2. HP: 24/24 MP: 2/2
   678 | D:2      | Reached XP level 3. HP: 17/29 MP: 3/3
   784 | D:2      | Reached skill level 3 in Axes
   926 | D:2      | Reached XP level 4. HP: 34/37 MP: 4/4
  1083 | D:2      | Noticed Terence
  1088 | D:2      | Killed Terence
  1094 | D:2      | Reached XP level 5. HP: 41/42 MP: 5/5
  1313 | D:2      | Found a runed door.
  1317 | D:2      | Noticed Crazy Yiuf
  1320 | D:2      | Killed Crazy Yiuf
  1320 | D:2      | Reached skill level 4 in Axes
  1772 | D:3      | Reached XP level 6. HP: 22/48 MP: 6/6
  2133 | D:3      | Reached skill level 1 in Dodging
  2513 | D:4      | Found a glowing drain.
  2524 | Sewer    | Entered a sewer
  2565 | Sewer    | Noticed Purgy
  2572 | Sewer    | Killed Purgy
  2572 | Sewer    | Reached skill level 5 in Axes
  2749 | D:4      | Reached XP level 7. HP: 54/54 MP: 7/7
  2973 | D:4      | Reached skill level 5 in Shields
  3218 | D:4      | Noticed Edmund
  3233 | D:4      | Killed Edmund
  3287 | D:5      | Entered Level 5 of the Dungeon
  3424 | D:5      | Reached skill level 6 in Axes
  3724 | D:5      | Reached XP level 8. HP: 50/61 MP: 8/8
  3918 | D:5      | Reached skill level 5 in Fighting
  4446 | D:6      | Reached skill level 7 in Axes
  4446 | D:6      | Reached skill level 5 in Armour
  4596 | D:6      | Found a bloodstained altar of Trog.
  5020 | D:7      | Reached XP level 9. HP: 64/69 MP: 9/9
  5090 | D:7      | Found a shimmering altar of Xom.
  5091 | D:7      | Found a shimmering altar of Xom.
  5091 | D:7      | Found a shimmering altar of Xom.
  5091 | D:7      | Found a shimmering altar of Xom.
  5091 | D:7      | Found a shimmering altar of Xom.
  5091 | D:7      | Found a shimmering altar of Xom.
  5092 | D:7      | Found a shimmering altar of Xom.
  5092 | D:7      | Found a shimmering altar of Xom.
  5304 | D:7      | Reached skill level 8 in Axes
  5311 | D:7      | Found a staircase to the Ecumenical Temple.
  5315 | Temple   | Entered the Ecumenical Temple
  5392 | Temple   | Became a worshipper of Nemelex Xobeh the Trickster
  5437 | D:7      | Reached skill level 1 in Invocations
  5461 | D:7      | Noticed a raiju
  5463 | D:7      | Received a gift from Nemelex Xobeh
  5615 | D:7      | Noticed a wind drake
  5619 | D:7      | Noticed a rime drake
  5619 | D:7      | an ice beast changed into a rime drake
  5620 | D:7      | a rime drake changed into an ogre
  5733 | D:7      | Noticed a yaktaur
  5736 | D:7      | Noticed a komodo dragon
  5802 | D:7      | You fall through a shaft for 2 floors!
  5805 | D:9      | Noticed a two-headed ogre
  5818 | D:9      | Noticed a two-headed ogre
  5823 | D:9      | Killed a two-headed ogre
  5829 | D:9      | Killed a two-headed ogre
  5859 | D:8      | Noticed a two-headed ogre
  5862 | D:8      | Reached XP level 10. HP: 77/77 MP: 12/12
  5869 | D:8      | Killed a two-headed ogre
  5869 | D:8      | Reached skill level 9 in Axes
  5898 | D:8      | Reached skill level 5 in Invocations
  5945 | D:8      | Found a staircase to the Lair.
  5986 | D:8      | You fall through a shaft!
  6078 | D:7      | Noticed a lindwurm
  6079 | D:7      | Noticed a swamp dragon
  6079 | D:7      | a golden eye changed into a swamp dragon
  6081 | D:7      | Noticed a sea snake
  6081 | D:7      | a lindwurm changed into a sea snake
  6413 | D:8      | Received a gift from Nemelex Xobeh
  6607 | D:8      | Found a stormy altar of Qazlal.
  6608 | D:8      | Reached * piety under Nemelex Xobeh
  7021 | D:9      | Got a pair of fine boots
  7032 | D:9      | Identified the +2 pair of boots "Miygrihutz" {rElec rCorr Stlth+} (You found it on level 9 of the Dungeon)
  7310 | D:9      | Reached skill level 10 in Axes
  7310 | D:9      | Reached XP level 11. HP: 84/85 MP: 14/16
  7559 | D:9      | Noticed a two-headed ogre
  7566 | D:9      | Killed a two-headed ogre
  7598 | D:10     | Entered Level 10 of the Dungeon
  7620 | D:10     | Gained mutation: You are partially covered in molten scales. (AC +2) [potion of mutation]
  7620 | D:10     | Gained mutation: Your mind is acute. (Int +2) [potion of mutation]
  7622 | D:10     | Gained mutation: You have a somewhat thin skeletal structure. (Dex +2, Stealth) [mutagenic meat]
  7623 | D:10     | Gained mutation: You are partially covered in large bone plates. (SH +4) [mutagenic meat]
  7624 | D:10     | Lost mutation: Your mind is acute. (Int +2) [mutagenic meat]
  7625 | D:10     | Lost mutation: You are partially covered in large bone plates. (SH +4) [mutagenic meat]
  7626 | D:10     | Lost mutation: You have a somewhat thin skeletal structure. (Dex +2, Stealth) [potion of mutation]
  7626 | D:10     | Gained mutation: You are dopey. (Int -2) [potion of mutation]
  7626 | D:10     | Gained mutation: Scrolls take you a little longer to read. [potion of mutation]
  7626 | D:10     | Lost mutation: You are dopey. (Int -2) [potion of mutation]
  7626 | D:10     | Gained mutation: You are mostly covered in molten scales. (AC +3) [potion of mutation]
  7814 | D:10     | Reached ** piety under Nemelex Xobeh
  7859 | D:10     | Noticed a death knight
  7914 | D:10     | Killed a death knight
  8270 | D:10     | Received a gift from Nemelex Xobeh
  8494 | D:10     | Noticed Syneil's ghost (journeyman GrGl)
  8515 | D:10     | Killed Syneil's ghost
  9038 | D:11     | Found Gatosech's Assorted Antiques.
  9042 | D:11     | Bought a scroll labeled JUKKIU UNYO for 37 gold pieces
  9090 | D:11     | Found a staircase to the Orcish Mines.
  9166 | D:11     | Reached *** piety under Nemelex Xobeh
  9413 | D:11     | Reached skill level 11 in Axes
  9413 | D:11     | Reached XP level 12. HP: 92/94 MP: 18/18
  9455 | D:11     | Received a gift from Nemelex Xobeh
  9813 | D:12     | Found Dawnukk's Distillery.
  9856 | D:12     | HP: 4/94 [white ugly thing (20)]
  9859 | D:12     | Mangled by a white ugly thing

Vault maps used:
D:1:      scummos_arrival_checkerplants
D:2:      uniq_crazy_yiuf_cottage, uniq_terence
D:3:      first_bread
D:4:      portal_sewer_entry_d, uniq_edmund
D:5:      grunt_ministairs_6
D:6:      kennysheep_decorative_pillar, trog_hazing_becter
D:7:      minmay_temple_entry_steel_oval, xom_shifter_show
D:8:      grunt_qazlal_sundering, grunt_lair_entry_orc_guard_hut,
          grunt_livestock
D:10:     grunt_decor_arrowhead
D:11:     orc_0_dummy, serial_shops, shop
D:12:     serial_shops, shop
Temple:   roderic_octagonal_lattice_temple
Sewer:    sewer_big_baddie

Skill      XL: |  1  2  3  4  5  6  7  8  9 10 11 |
---------------+----------------------------------+-----
Axes           | 3 4 5 6 7 8 10 11 | 11.1
Shields        | 4 5 6 7 8 9 |  9.4
Fighting       | 4 5 6 7 8 |  8.8
Dodging        | 1 |  1.7
Armour         | 4 5 6 7 8 |  8.5
Invocations    | 3 6 9 |  9.4
Stealth        | |  0.3

Action                   |  1- 3 |  4- 6 |  7- 9 | 10-12 || total
-------------------------+-------+-------+-------+-------++-------
Melee: War axe           |    77 |   155 |   184 |       ||   416
       Battleaxe         |       |       |    92 |   406 ||   498
 Abil: Dig               |       |       |       |     4 ||     4
Evoke: Wand              |       |       |     3 |     8 ||    11
       Deck              |       |       |     4 |     8 ||    12
  Use: Potion            |     1 |     2 |       |     4 ||     7
       Scroll            |       |       |    11 |     1 ||    12
 Stab: Sleeping          |       |       |       |     3 ||     3
  Eat: Chunk             |       |     6 |     9 |    15 ||    30
       Meat ration       |       |       |       |     2 ||     2
Armor: Scale mail        |    39 |    56 |       |       ||    95
       Troll leather arm |       |    10 |   104 |   144 ||   258
Dodge: Dodged            |    24 |    58 |   132 |   191 ||   405
Block: Shield            |    41 |    96 |   158 |   263 ||   558

Table legend:
 A = Spawn XP
 B = Non-spawn XP
 C = Spawn XP percentage of total XP
 D = Spawn monster count
 E = Non-spawn monster count
 F = Spawn count percentage of total count
 G = Total turns spent on level
                    A         B        C        D         E        F      G
               +---------+---------+-------+---------+---------+-------+---------
         Total |       0 |   17071 |   0.0 |       0 |     294 |   0.0 |  9859
               +---------+---------+-------+---------+---------+-------+---------
           D:1 |       0 |      16 |   0.0 |       0 |      10 |   0.0 |   654
           D:2 |       0 |     169 |   0.0 |       0 |      23 |   0.0 |   839
           D:3 |       0 |     130 |   0.0 |       0 |      26 |   0.0 |   869
           D:4 |       0 |     332 |   0.0 |       0 |       7 |   0.0 |   815
           D:5 |       0 |     511 |   0.0 |       0 |      18 |   0.0 |   839
           D:6 |       0 |     649 |   0.0 |       0 |      26 |   0.0 |   882
           D:7 |       0 |     899 |   0.0 |       0 |      24 |   0.0 |   938
           D:8 |       0 |    2745 |   0.0 |       0 |      35 |   0.0 |   822
           D:9 |       0 |    3421 |   0.0 |       0 |      41 |   0.0 |   727
          D:10 |       0 |    2980 |   0.0 |       0 |      15 |   0.0 |  1268
          D:11 |       0 |    4355 |   0.0 |       0 |      56 |   0.0 |   887
          D:12 |       0 |     723 |   0.0 |       0 |       7 |   0.0 |   106
         Sewer |       0 |     141 |   0.0 |       0 |       6 |   0.0 |   110
               +---------+---------+-------+---------+---------+-------+---------
